 Dungeon Crawl Stone Soup version 0.29-a0-1027-gcd8c55af63 (webtiles) character file.

Game seed: 8085322704981267363

188 RobertSmithOfTheCure the Ruffian (level 5, -1/53 HPs)
             Began as a Troll Fighter on Aug 13, 2022.
             Was an Initiate of Trog.
             Slain by an ice beast (9 damage)
             ... on level 4 of the Dungeon on Aug 14, 2022.
             The game lasted 00:12:47 (3793 turns).

RobertSmithOfTheCure the Ruffian (Troll Fighter)    Turns: 3793, Time: 00:12:47

Health: -1/53      AC:  4    Str: 24    XL:     5   Next: 39%
Magic:  4/4        EV:  8    Int:  4    God:    Trog [......]
Gold:   188        SH:  8    Dex: 11    Spells: 4/4 levels left

rFire   . . .      SeeInvis .     - Unarmed
rCold   . . .      Faith    .   b - +1 kite shield
rNeg    . . .      Spirit   .   a - +0 robe
rPois   .          Reflect  .   (helmet restricted)
rElec   .          Harm     .   (no cloak)
rCorr   .          Rampage  .   (gloves unavailable)
Will    .....                   (boots unavailable)
Stlth   +.........              g - amulet of magic regeneration
HPRegen 0.97/turn               (no ring)
MPRegen 0.49/turn               (no ring)

@: no status effects
A: large, unfitting armour, claws 3, regeneration 1, shaggy fur 1, tough skin 1
a: Renounce Religion


You were on level 4 of the Dungeon.
You worshipped Trog.
Trog was noncommittal.
You visited 2 branches of the dungeon, and saw 6 of its levels.

You collected 230 gold pieces.
You spent 42 gold pieces at shops.

Inventory:

Hand Weapons
 l - a +0 great mace
Missiles
 d - 14 poisoned darts (quivered)
Armour
 a - a +0 robe (worn)
 b - a +1 kite shield (worn)
 n - a scarf of harm
Jewellery
 c - an amulet of the acrobat
 g - an amulet of magic regeneration (around neck)
Wands
 i - a wand of flame (18)
Scrolls
 f - 4 scrolls of identify
 m - a scroll of teleportation
 o - a scroll of magic mapping
Potions
 e - a potion of flight


   Skills:
 + Level 3.5 Fighting
 - Level 2.4 Dodging
 - Level 2.6 Shields
 + Level 4.7 Unarmed Combat


You had 4 spell levels left.
You didn't know any spells.
Your spell library contained the following spells:

 Spells                   Type           Power      Damage    Failure   Level
 Shock                    Conj/Air       0%         1d3       80%         1
 Sublimation of Blood     Necr           0%         N/A       91%         2
 Swiftness                Air            0%         N/A       99%         3
 Airstrike                Air            0%         2d(0-16)  100%        4
 Petrify                  Tmut/Erth      0%         N/A       100%        4
 Irradiate                Conj/Tmut      0%         3d11      100%        5


Dungeon Overview and Level Annotations

Branches:
Dungeon (5/15)             Temple (1/1) D:4

Altars:
Ashenzari
Cheibriados
Dithmenos
Fedhas
Nemelex Xobeh
Okawaru
Qazlal
Ru
Sif Muna
Trog
Vehumet
Xom
Zin

Shops:
D:2 *


Innate Abilities, Weirdness & Mutations

You are too large for most types of armour.
You have claws for hands.
Your natural rate of healing is unusually fast.
You are covered in fur. (AC +1)
You have tough skin. (AC +1)


Message History

You barely miss the ice beast.
The ice beast is lightly wounded.
The ice beast hits you. The ice beast freezes you!
You are too injured to fight recklessly!
You are too injured to fight recklessly!
You are too injured to fight recklessly!
You are too injured to fight recklessly!
You are too injured to fight recklessly!
Okay, then.
As you read the scroll of fog, it crumbles to dust.
The scroll dissolves into smoke.
You block the ice beast's attack. The ice beast attacks as you move away!
You block the ice beast's attack. The ice beast attacks as you move away!
The ice beast hits you. The ice beast freezes you!
The ice beast attacks as you move away! The ice beast barely misses you.
The ice beast attacks as you move away! The ice beast closely misses you.
You see here a +0 giant club.
The ice beast attacks as you move away! You block the ice beast's attack.
The ice beast attacks as you move away! The ice beast hits you.
The ice beast freezes you! The ice beast attacks as you move away!
The ice beast hits you but does no damage.
The ice beast hits you but does no damage.
The ice beast attacks as you move away! The ice beast hits you.
The ice beast freezes you.
There is a stone staircase leading up here.
The ice beast hits you. The ice beast freezes you!
* * * LOW HITPOINT WARNING * * *
You climb upwards.
There is a stone staircase leading down here.
The ice beast attacks as you move away! The ice beast hits you.
* * * LOW HITPOINT WARNING * * *
The ice beast freezes you.
* * * LOW HITPOINT WARNING * * *
The ice beast attacks as you move away! You block the ice beast's attack.
The ice beast attacks as you move away! You block the ice beast's attack.
The ice beast attacks as you move away! The ice beast hits you.
* * * LOW HITPOINT WARNING * * *
The ice beast freezes you!
You die...

#..............#.##.#...####.#
#......####.>..#....#.........
#...........#.#######...####.#
#...........#.#.......#.####.#
#...........#.#.####..........
##.#########.#.#.####.........#
#......# #.#.#.##....#####..#
#......# #.#Y#.......#...#..#
###......# #.#@#.#.#...'...#..#
.........# #.#.#.....#.#...#..#
###......# #.#...#.#...#####..#
# ####.### #.###.....#.......##
# #.# #................... #
#.# ##############.###.## # #.#
#.....#<.)........... # #.#
#####.#..#.....####.. # #(#
#.#.##.#.#...##..


You could see an ice beast.

Vanquished Creatures
  An ogre (D:5)
  A gnoll (D:1)
  3 adders
  2 dart slugs
  3 orcs
  8 endoplasms
  2 giant cockroaches (D:2)
  5 goblins
  4 hobgoblins
  2 jackals (D:2)
  4 kobolds
  4 quokkas
  3 ball pythons
  7 bats
  4 frilled lizards
  3 rats
56 creatures vanquished.

Vanquished Creatures (others)
  A fungus (D:1)
1 creature vanquished.

Grand Total: 57 creatures vanquished

Notes
Turn   | Place    | Note
-------+----------+-------------------------------------------
     0 | D:1      | RobertSmithOfTheCure the Troll Fighter began the quest for
                  | the Orb.
     0 | D:1      | Reached XP level 1. HP: 22/22 MP: 0/0
   135 | D:1      | Reached XP level 2. HP: 24/29 MP: 1/1
   600 | D:1      | Found a faded altar of an unknown god.
  1009 | D:2      | Identified the +2 scale mail of Lugonu's Respect {+Blink
                  | rPois Stlth+}
  1020 | D:2      | Reached XP level 3. HP: 37/37 MP: 2/2
  1042 | D:2      | Found Veek's Assorted Antiques.
  1048 | D:2      | Bought a scroll of identify for 42 gold pieces
  1225 | D:2      | Reached skill level 3 in Unarmed Combat
  1300 | D:2      | Found a broken altar of Ashenzari.
  1808 | D:3      | Reached XP level 4. HP: 44/45 MP: 3/3
  2602 | D:4      | Found a staircase to the Ecumenical Temple.
  2670 | Temple   | Entered the Ecumenical Temple
  2892 | Temple   | Became a worshipper of Trog the Wrathful
  3686 | D:5      | Entered Level 5 of the Dungeon
  3698 | D:5      | Noticed an ogre
  3706 | D:5      | Killed an ogre
  3707 | D:5      | Reached skill level 4 in Unarmed Combat
  3707 | D:5      | Reached XP level 5. HP: 38/53 MP: 4/4
  3746 | D:5      | Noticed an ice beast
  3793 | D:4      | Slain by an ice beast

Illustrated notes

Levels and vault maps discovered:
D:1:      dpeg_arrival_three_same_balls, layout_basic,
          dreamdust_ecumenical_altar_hidden_monk_grotto
D:2:      layout_loops_ring, basic_altar, serial_shops,
          nicolae_shop_overgrown_old_shop
D:3:      layout_basic
D:4:      layout_basic, minmay_temple_entry_wispy, enter_ossuary_2,
          serial_co_window_serial, co_window_paths_b, co_window_corner_a,
          co_window_corner_a, co_window_paths_b, co_window_paths_a,
          co_window_cross_4, co_window_of_opportunity_c,
          co_window_of_opportunity_b, co_window_broadway_a,
          co_window_of_opportunity_c, co_window_broadway_b, co_window_paths_e,
          co_window_4corner_b, glass_columns_a, glass_columns_a,
          glass_columns_c, glass_columns_a, glass_columns_a
D:5:      layout_basic, lemuel_coloured_pillars_altar, serial_shops,
          nicolae_stop_n_shop_1
Temple:   compressed_dpeg_triangle_lava_temple

Skill      XL: |  1  2  3  4 |
---------------+-------------+-----
Fighting       | 3 |  3.5
Unarmed Combat | 3 4 |  4.7
Dodging        | |  2.4
Shields        | |  2.6

Action                   |  1- 3 |  4- 6 || total
-------------------------+-------+-------++-------
Melee: Unarmed           |    87 |    59 ||   146
  Use: Scroll            |     6 |     1 ||     7
       Potion            |     2 |     4 ||     6
 Stab: Sleeping          |     4 |       ||     4
Armor: Robe              |    23 |    19 ||    42
Dodge: Dodged            |    27 |    35 ||    62
Block: Kite shield       |    27 |    30 ||    57

Table legend: (Time is in decaauts)
 A = Elapsed time spent in this place.
 B = Non-inter-level travel time spent in this place.
 C = Inter-level travel time spent in this place.
 D = Time resting spent in this place.
 E = Time spent auto-exploring this place.
 F = Levels seen in this place.
 G = Mean time per level.
                   A        B        C        D        E       F      G
               +--------+--------+--------+--------+--------+-----+--------+
         Total |   3791 |   3791 |      0 |    283 |   2854 |   6 |  631.8 |
       Dungeon |   3475 |   3475 |      0 |    283 |   2587 |   5 |  695.0 |
        Temple |    315 |    315 |      0 |      0 |    267 |   1 |  315.0 |
               +--------+--------+--------+--------+--------+-----+--------+

Top non-repeatable levels by time:
     D:4: 1047 daAuts
     D:1: 972 daAuts
     D:2: 738 daAuts
     D:3: 632 daAuts
  Temple: 315 daAuts
     D:5: 84 daAuts
